Predators vs Kings

Created - July 12, 2022 at 20:47

Goals
1 2 3 OT1 T
Predators 2 2 1 0 5
Kings 2 2 1 1 6
Shots
1 2 3 OT1 T
Predators 14 12 12 9 47
Kings 15 10 6 2 33

1st period

1. Kings , Teuvo Teravainen 2 (Nathan MacKinnon 4, Seth Jones 1) at 2:30
2. Kings , Drew Stafford 1 (Sean Monahan 2, Seth Jones 2) at 7:45
3. Predators , Chris Higgins 1 (Denis Grebeshkov 1, Mark Pysyk 2) at 11:17
4. Predators , Jaden Schwartz 1 (Alexander Edler 2, Brendan Gallagher 2) at 18:35

Penalties :
Alexander Edler (Nas) for Kneeing (Minor) at 2:49, Jared Cowen (L.A) for Hooking (Minor) at 7:54

2nd period

5. Kings , Aaron Ekblad 1 (Seth Jones 3) at 3:32
6. Predators , Jaden Schwartz 2 (Brendan Gallagher 3) at 4:50 (PP)
7. Predators , Jaden Schwartz 3 (Brendan Gallagher 4, Ryan Kesler 2) at 13:28
8. Kings , Ryan O'Reilly 1 (David Pastrnak 1, Brady Skjei 1) at 13:55

Penalties :
Nathan MacKinnon (L.A) for Interference (Minor) at 3:59, Derek Boogaard (L.A) for Roughing (Minor) at 14:56

3rd period

9. Kings , Seth Jones 1 (Drew Stafford 1) at 10:39 (SH)
10. Predators , Alexander Ovechkin 1 (Ryan Mcdonagh 2, Andy Miele 1) at 11:22

Penalties :
Andy Miele (Nas) for Roughing (Minor) at 2:33, Aaron Ekblad (L.A) for Tripping (Minor) at 9:00, Scott Laughton (Nas) for Interference (Minor) at 14:23

Overtime #1

11. Kings , Seth Jones 2 (Aaron Ekblad 3, Ryan O'Reilly 1) at 9:48

Penalties :
No Penalty

Goalie Stats

Kari Lehtonen (Nas), 27 saves from 33 shots - (0.818), OTL, 1-1-1, 69:48 minutes
Andrei Vasilevskiy (L.A), 42 saves from 47 shots - (0.894), W, 2-0-0, 69:48 minutes

Players Stats for Predators

Player Name              G  A  P  +/- PIM S  H  SB GA TA FO     MP     PP MP  PK MP  
------------------------------------------------------------------------------------
Alexander Edler          0  1  1   0  2   2  2  1  1  2  0/0    31:45   3:42   2:22 
Alexander Ovechkin       1  0  1  -2  0   7  1  0  0  2  0/0    24:41   3:11   1:05 
Andy Miele               0  1  1  -2  2   3  1  0  0  1  26/41  24:50   3:08   1:14 
Brad Boyes               0  0  0   0  0   3  1  0  1  0  0/0    11:40   0:29   0:00 
Brendan Gallagher        0  3  3   0  0   2  2  1  0  0  0/0    22:53   3:11   3:04 
Chris Higgins            1  0  1   0  0   6  0  0  0  0  0/0     8:58   0:00   0:00 
Denis Grebeshkov         0  1  1  -1  0   0  0  1  0  0  0/0    14:32   0:00   0:31 
Jack Eichel              0  0  0   0  0   0  2  0  0  0  1/4    13:19   0:26   1:35 
Jaden Schwartz           3  0  3   0  0   9  2  0  1  0  4/6    22:47   3:11   3:14 
John Moore               0  0  0  -1  0   1  1  1  0  0  0/0    22:51   3:06   2:25 
Justin Abdelkader        0  0  0   0  0   0  0  0  0  0  0/0    10:30   0:00   0:00 
Justin Faulk             0  0  0  -1  0   3  1  0  0  3  0/0    22:51   3:06   2:25 
Mark Pysyk               0  1  1   0  0   3  1  0  0  0  0/0    10:57   0:26   1:42 
Mikael Granlund          0  0  0  -2  0   2  3  1  1  0  0/2    23:36   3:11   0:00 
Nate Schmidt             0  0  0  -1  0   3  0  2  0  0  0/0    14:40   0:00   0:39 
Ryan Kesler              0  1  1   0  0   0  4  0  0  0  8/14   19:29   3:11   0:00 
Ryan Mcdonagh            0  1  1   0  0   2  1  0  0  0  0/0    32:56   3:42   3:32 
Scott Laughton           0  0  0   0  2   1  1  0  0  0  4/7     9:45   0:00   0:00 

Players Stats for Kings

Player Name              G  A  P  +/- PIM S  H  SB GA TA FO     MP     PP MP  PK MP  
------------------------------------------------------------------------------------
Aaron Ekblad             1  1  2   2  2   1  2  1  0  0  0/0    23:02   0:00   0:19 
Brady Skjei              0  1  1  -1  0   3  1  2  2  0  0/0    28:12   3:37   2:54 
Cody Franson             0  0  0   0  0   0  0  3  1  0  0/0    13:27   0:00   3:54 
Damon Severson           0  0  0   1  0   1  0  1  0  1  0/0    13:25   0:00   0:50 
David Pastrnak           0  1  1  -1  0   8  0  1  0  0  0/1    19:18   3:05   0:00 
Derek Boogaard           0  0  0   3  2   3  1  0  0  0  2/3    18:00   0:00   0:22 
Drew Stafford            1  1  2   4  0   2  0  2  0  0  0/1    18:53   0:03   1:37 
Jake Guentzel            0  0  0  -1  0   1  1  0  0  0  0/1    19:35   3:12   0:30 
Jared Cowen              0  0  0  -3  2   1  3  1  0  0  0/0    30:37   2:20   2:45 
Kyle Clifford            0  0  0  -1  0   1  3  2  1  1  0/2    23:32   2:42   4:07 
Max Friberg              0  0  0   1  0   0  0  0  0  0  0/0     8:14   0:03   1:37 
Mikko Rantanen           0  0  0   0  0   0  0  0  0  1  0/0     6:51   0:10   0:00 
Nathan MacKinnon         0  1  1   0  2   2  1  1  1  0  10/22  18:18   3:12   0:00 
Pavel Datsyuk            0  0  0   0  0   0  1  0  0  0  1/3     6:46   0:00   0:00 
Ryan O'Reilly            1  1  2  -2  0   2  3  1  1  0  8/16   24:35   2:20   4:19 
Sean Monahan             0  1  1   3  0   4  2  0  1  0  10/24  21:15   2:42   1:04 
Seth Jones               2  3  5   4  0   3  2  0  0  1  0/0    29:10   3:37   2:54 
Teuvo Teravainen         1  0  1   0  0   1  3  0  1  0  0/1    18:58   2:42   0:00 

3 Stars

1 - Seth Jones (L.A)
2 - Jaden Schwartz (Nas)
3 - Drew Stafford (L.A)

Power Play

Predators - 1 on 4 Attempt(s) - 25.00%
Kings - 0 on 3 Attempt(s) - 0.00%

Penalty Kill

Predators - 3 on 3 Attempt(s) - 100.00% - Score 0 goal in Penalty Kill
Kings - 3 on 4 Attempt(s) - 75.00% - Score 1 goal in Penalty Kill

Team Stat

Predators - Hits : 23 - Faceoff Wins : 43 - Blocked Shots : 7 - Penalty Minutes : 6
Kings - Hits : 23 - Faceoff Wins : 31 - Blocked Shots : 15 - Penalty Minutes : 8

Official

Referees : Conor O'Donnell and TJ Luxmore
Linesman : Kiel Murchison and James Tobias

Game Notes

Jaden Schwartz has scored a Hat Trick!
Nathan MacKinnon is injured at 5:34 of 1st overtime period (Left Leg)

Finance

Level 1 -- Attendance: 6000 (100.00%) -- Ticket Income $600,000
Level 2 -- Attendance: 5000 (100.00%) -- Ticket Income $300,000
Level 3 -- Attendance: 2000 (100.00%) -- Ticket Income $70,000
Level 4 -- Attendance: 4000 (100.00%) -- Ticket Income $100,000
Luxury Box -- Attendance: 1000 (100.00%) -- Ticket Income $200,000
Game was played at the Staples Center.
Total Attendance: 18000 (100.00%)
Total Ticket Income: $1,270,000
Other Income: $190,500
Total Income: $1,460,500

Predators

5 vs 5 Forward 
   Center                   Left Wing                Right Wing               Time % Phy DF OF 
 1 Andy Miele               Alexander Ovechkin       Mikael Granlund          40     1   2  2  
 2 Ryan Kesler              Jaden Schwartz           Brendan Gallagher        30     1   2  2  
 3 Jack Eichel              Justin Abdelkader        Brad Boyes               20     1   2  2  
 4 Scott Laughton           Chris Higgins            Mark Pysyk               10     1   2  2  

5 vs 5 Defense 
   Defense                  Defense                                           Time % Phy DF OF 
 1 Ryan Mcdonagh            Alexander Edler                                   40     1   2  2  
 2 John Moore               Justin Faulk                                      30     1   2  2  
 3 Nate Schmidt             Denis Grebeshkov                                  20     1   2  2  
 4 Ryan Mcdonagh            Alexander Edler                                   10     1   2  2  

PowerPlay Forward 
   Center                   Left Wing                Right Wing               Time % Phy DF OF 
 1 Andy Miele               Alexander Ovechkin       Mikael Granlund          60     1   2  2  
 2 Ryan Kesler              Jaden Schwartz           Brendan Gallagher        40     1   2  2  

PowerPlay Defense
   Defense                  Defense                                           Time % Phy DF OF 
 1 Ryan Mcdonagh            Alexander Edler                                   60     1   2  2  
 2 John Moore               Justin Faulk                                      40     1   2  2  

Penalty Kill 4 Players Forward 
   Center                   Wing                     Time % Phy DF OF 
 1 Jaden Schwartz           Brendan Gallagher        60     1   2  2  
 2 Andy Miele               Mark Pysyk               40     1   2  2  

Penalty Kill 4 Players Defense
   Defense                  Defense                  Time % Phy DF OF 
 1 Ryan Mcdonagh            Alexander Edler          60     1   2  2  
 2 John Moore               Justin Faulk             40     1   2  2  

Penalty Kill - 3 Players Forward 
   Forward                                           Time % Phy DF OF 
 1 Andy Miele                                        60     1   2  2  
 2 Jaden Schwartz                                    40     1   2  2  

Penalty Kill - 3 Players Defense
   Defense                  Defense                  Time % Phy DF OF 
 1 Ryan Mcdonagh            Alexander Edler          60     1   2  2  
 2 John Moore               Justin Faulk             40     1   2  2  

4 vs 4 Forward 
   Center                   Wing                     Time % Phy DF OF 
 1 Mikael Granlund          Alexander Ovechkin       60     1   2  2  
 2 Jaden Schwartz           Brendan Gallagher        40     1   2  2  

4 vs 4 Defense
   Defense                  Defense                  Time % Phy DF OF 
 1 Ryan Mcdonagh            Alexander Edler          60     1   2  2  
 2 John Moore               Justin Faulk             40     1   2  2  

Last Minutes Offensive
   Center                   Left Wing                Right Wing               Defense                  Defense                  
   Ryan Kesler              Alexander Ovechkin       Mikael Granlund          Ryan Mcdonagh            Alexander Edler          

Last Minutes Defensive
   Center                   Left Wing                Right Wing               Defense                  Defense                  
   Ryan Kesler              Alexander Ovechkin       Mikael Granlund          Ryan Mcdonagh            Alexander Edler          

Goaltenders
Starting : Kari Lehtonen            
Backup : Jaroslav Halak           

Extra Forwards
Normal : Jack Eichel, Brad Boyes, Scott Laughton - PP : Brad Boyes, Jack Eichel - PK : Jack Eichel
Extra Defensemen
Normal : Denis Grebeshkov, Nate Schmidt, John Moore - PP : Denis Grebeshkov - PK : Nate Schmidt, Denis Grebeshkov
Penalty Shots
Brendan Gallagher, Mikael Granlund, Alexander Ovechkin, Jaden Schwartz, Ryan Mcdonagh

Scratches
Mike Brown (Healthy)

Kings

5 vs 5 Forward 
   Center                   Left Wing                Right Wing               Time % Phy DF OF 
 1 Nathan MacKinnon         Kyle Clifford            Teuvo Teravainen         33     1   2  2  
 2 Ryan O'Reilly            Jake Guentzel            David Pastrnak           33     1   2  2  
 3 Sean Monahan             Derek Boogaard           Drew Stafford            33     1   2  2  
 4 Pavel Datsyuk            Max Friberg              Mikko Rantanen           1      1   2  2  

5 vs 5 Defense 
   Defense                  Defense                                           Time % Phy DF OF 
 1 Jared Cowen              Brady Skjei                                       40     1   2  2  
 2 Seth Jones               Aaron Ekblad                                      40     1   2  2  
 3 Cody Franson             Damon Severson                                    10     1   2  2  
 4 Jared Cowen              Damon Severson                                    10     1   2  2  

PowerPlay Forward 
   Center                   Left Wing                Right Wing               Time % Phy DF OF 
 1 Nathan MacKinnon         Jake Guentzel            David Pastrnak           55     1   2  2  
 2 Sean Monahan             Kyle Clifford            Teuvo Teravainen         45     1   2  2  

PowerPlay Defense
   Defense                  Defense                                           Time % Phy DF OF 
 1 Seth Jones               Brady Skjei                                       60     1   2  2  
 2 Ryan O'Reilly            Jared Cowen                                       40     1   2  2  

Penalty Kill 4 Players Forward 
   Center                   Wing                     Time % Phy DF OF 
 1 Ryan O'Reilly            Kyle Clifford            60     3   2  0  
 2 Drew Stafford            Max Friberg              40     3   2  0  

Penalty Kill 4 Players Defense
   Defense                  Defense                  Time % Phy DF OF 
 1 Jared Cowen              Cody Franson             60     2   3  0  
 2 Seth Jones               Brady Skjei              40     2   3  0  

Penalty Kill - 3 Players Forward 
   Forward                                           Time % Phy DF OF 
 1 Kyle Clifford                                     60     3   2  0  
 2 Ryan O'Reilly                                     40     3   2  0  

Penalty Kill - 3 Players Defense
   Defense                  Defense                  Time % Phy DF OF 
 1 Jared Cowen              Cody Franson             60     2   3  0  
 2 Seth Jones               Brady Skjei              40     2   3  0  

4 vs 4 Forward 
   Center                   Wing                     Time % Phy DF OF 
 1 Ryan O'Reilly            Teuvo Teravainen         60     1   2  2  
 2 Sean Monahan             Kyle Clifford            40     1   2  2  

4 vs 4 Defense
   Defense                  Defense                  Time % Phy DF OF 
 1 Jared Cowen              Brady Skjei              60     1   2  2  
 2 Seth Jones               Cody Franson             40     1   2  2  

Last Minutes Offensive
   Center                   Left Wing                Right Wing               Defense                  Defense                  
   Nathan MacKinnon         Kyle Clifford            David Pastrnak           Seth Jones               Brady Skjei              

Last Minutes Defensive
   Center                   Left Wing                Right Wing               Defense                  Defense                  
   Ryan O'Reilly            Kyle Clifford            Drew Stafford            Jared Cowen              Seth Jones               

Goaltenders
Starting : Andrei Vasilevskiy       
Backup : Cam Talbot               

Extra Forwards
Normal : Sean Monahan, Nathan MacKinnon, Ryan O'Reilly - PP : Mikko Rantanen, Drew Stafford - PK : Sean Monahan
Extra Defensemen
Normal : Aaron Ekblad, Damon Severson, Seth Jones - PP : Aaron Ekblad - PK : Damon Severson, Seth Jones
Penalty Shots
Mikko Rantanen, Sean Monahan, David Pastrnak, Teuvo Teravainen, Ryan O'Reilly

Scratches
Clarke MacArthur (Healthy), Darroll Powe (Healthy), Jonathan Sigalet (Healthy), Tim Connolly (Healthy), Jean-Francois Berube (Healthy)

% Time on Ice - Predators

Lines # - Real PCT - Wanted PCT - Time Play
Normal Forward
1 - 38% - 40% - 21:26
2 - 29% - 30% - 16:18
3 - 18% - 20% - 10:30
4 - 15% - 10% - 8:49
Normal Defense
1 - 41% - 40% - 23:27
2 - 30% - 30% - 17:20
3 - 25% - 20% - 14:01
4 - 4% - 10% - 2:15
PP Forward
1 - 53% - 60% - 3:37
2 - 47% - 40% - 3:11
PP Defense
1 - 54% - 60% - 3:42
2 - 46% - 40% - 3:06
PK Forward
1 - 71% - 60% - 4:15
2 - 29% - 40% - 1:42
PK Defense
1 - 59% - 60% - 3:32
2 - 41% - 40% - 2:25
PK3 Forward
1 - 0% - 60%
2 - 0% - 40%
PK3 Defense
1 - 0% - 60%
2 - 0% - 40%
44 Forward
1 - 0% - 60%
2 - 0% - 40%
44 Defense
1 - 0% - 60%
2 - 0% - 40%
Last Minute Offensive  - 0:00
Last Minute Defensive  - 0:00
Total
Forward - 69:48
Defense - 69:48

% Time on Ice - Kings

Lines # - Real PCT - Wanted PCT - Time Play
Normal Forward
1 - 31% - 33% - 17:33
2 - 28% - 33% - 16:15
3 - 29% - 33% - 16:44
4 - 11% - 1% - 6:31
Normal Defense
1 - 39% - 40% - 22:22
2 - 39% - 40% - 22:25
3 - 16% - 10% - 8:51
4 - 6% - 10% - 3:25
PP Forward
1 - 54% - 55% - 3:12
2 - 46% - 45% - 2:45
PP Defense
1 - 61% - 60% - 3:37
2 - 39% - 40% - 2:20
PK Forward
1 - 76% - 60% - 5:11
2 - 24% - 40% - 1:37
PK Defense
1 - 57% - 60% - 3:54
2 - 43% - 40% - 2:54
PK3 Forward
1 - 0% - 60%
2 - 0% - 40%
PK3 Defense
1 - 0% - 60%
2 - 0% - 40%
44 Forward
1 - 0% - 60%
2 - 0% - 40%
44 Defense
1 - 0% - 60%
2 - 0% - 40%
Last Minute Offensive  - 0:00
Last Minute Defensive  - 0:00
Total
Forward - 69:48
Defense - 69:48

Play-by-Play

1st period


0:01 of 1st period - Nathan MacKinnon wins face-off versus Andy Miele in neutral zone.
0:06 of 1st period - Snap shot by Teuvo Teravainen.
0:06 of 1st period - Deflect By Kyle Clifford.
0:06 of 1st period - Shot Misses the Net.
0:06 of 1st period - Puck is out of play.
0:07 of 1st period - Andy Miele wins face-off versus Nathan MacKinnon in Predators zone.
0:07 of 1st period - Andy Miele is hit by Kyle Clifford.
0:21 of 1st period - Slapshot by Alexander Ovechkin.
0:21 of 1st period - Stopped by Andrei Vasilevskiy with a rebound.
0:23 of 1st period - Snap shot by Ryan Mcdonagh.
0:23 of 1st period - Shot Misses the Net.
1:57 of 1st period - Mark Pysyk is hit by Ryan O'Reilly.
2:01 of 1st period - Wrist shot by Scott Laughton.
2:01 of 1st period - Deflect By Mark Pysyk.
2:01 of 1st period - Shot Misses the Net.
2:01 of 1st period - Puck is out of play.
2:02 of 1st period - Derek Boogaard wins face-off versus Mikael Granlund in Kings zone.
2:02 of 1st period - Derek Boogaard is hit by Mikael Granlund.
2:10 of 1st period - Snap shot by Seth Jones.
2:10 of 1st period - Shot Blocked by Denis Grebeshkov.
2:12 of 1st period - Snap shot by Seth Jones.
2:12 of 1st period - Stopped by Kari Lehtonen with a rebound.
2:30 of 1st period - Slapshot by Teuvo Teravainen.
2:30 of 1st period - Goal by Teuvo Teravainen - Predators : 0 - Kings : 1.
2:31 of 1st period - Nathan MacKinnon wins face-off versus Ryan Kesler in neutral zone.
2:49 of 1st period - Minor Penalty to Alexander Edler for Kneeing.
2:50 of 1st period - Jaden Schwartz wins face-off versus Nathan MacKinnon in Predators zone.
2:50 of 1st period - Jaden Schwartz is hit by Seth Jones.
2:55 of 1st period - David Pastrnak is hit by Brendan Gallagher and loses puck.
3:00 of 1st period - Slapshot by Jaden Schwartz.
3:00 of 1st period - Stopped by Andrei Vasilevskiy with a rebound.
3:02 of 1st period - Wrist shot by Jaden Schwartz.
3:02 of 1st period - Shot Misses the Net.
3:04 of 1st period - Slapshot by Ryan Mcdonagh.
3:04 of 1st period - Shot Misses the Net.
3:06 of 1st period - Slapshot by Ryan Mcdonagh.
3:06 of 1st period - Shot Blocked by Brady Skjei.
4:02 of 1st period - Brendan Gallagher is hit by Ryan O'Reilly.
4:49 of 1st period - Penalty to Alexander Edler is over, Alexander Edler is back on ice.
5:27 of 1st period - Snap shot by Pavel Datsyuk.
5:27 of 1st period - Shot Misses the Net.
5:51 of 1st period - Snap shot by Ryan Mcdonagh.
5:51 of 1st period - Stopped by Andrei Vasilevskiy with a rebound.
5:53 of 1st period - Snap shot by Justin Abdelkader.
5:53 of 1st period - Deflect By Brad Boyes.
5:53 of 1st period - Stopped by Andrei Vasilevskiy without a rebound.
5:54 of 1st period - Ryan O'Reilly wins face-off versus Andy Miele in Kings zone.
5:59 of 1st period - Andy Miele is hit by Jake Guentzel and loses puck.
6:44 of 1st period - Snap shot by Nathan MacKinnon.
6:44 of 1st period - Stopped by Kari Lehtonen with a rebound.
7:18 of 1st period - Ryan Kesler is hit by Seth Jones and loses puck.
7:43 of 1st period - Slapshot by Sean Monahan.
7:43 of 1st period - Shot Misses the Net.
7:45 of 1st period - Slapshot by Drew Stafford.
7:45 of 1st period - Goal by Drew Stafford - Predators : 0 - Kings : 2.
7:46 of 1st period - Ryan O'Reilly wins face-off versus Andy Miele in neutral zone.
7:54 of 1st period - Minor Penalty to Jared Cowen for Hooking.
7:55 of 1st period - Andy Miele wins face-off versus Ryan O'Reilly in Kings zone.
8:26 of 1st period - Wrist shot by Jaden Schwartz.
8:26 of 1st period - Shot Blocked by Ryan O'Reilly.
9:17 of 1st period - Brendan Gallagher is hit by Kyle Clifford and loses puck.
9:49 of 1st period - Brendan Gallagher is hit by Derek Boogaard and loses puck.
9:54 of 1st period - Penalty to Jared Cowen is over, Jared Cowen is back on ice.
10:02 of 1st period - Snap shot by Jared Cowen.
10:02 of 1st period - Stopped by Kari Lehtonen with a rebound.
10:08 of 1st period - Slapshot by Jared Cowen.
10:08 of 1st period - Shot Misses the Net.
10:10 of 1st period - Wrist shot by Sean Monahan.
10:10 of 1st period - Shot Misses the Net.
10:12 of 1st period - Snap shot by Jared Cowen.
10:12 of 1st period - Deflect By Sean Monahan.
10:12 of 1st period - Stopped by Kari Lehtonen without a rebound.
10:13 of 1st period - Jack Eichel wins face-off versus Pavel Datsyuk in Predators zone.
10:20 of 1st period - Snap shot by Brad Boyes.
10:20 of 1st period - Stopped by Andrei Vasilevskiy with a rebound.
10:22 of 1st period - Slapshot by Nate Schmidt.
10:22 of 1st period - Shot Misses the Net.
10:24 of 1st period - Wrist shot by Jack Eichel.
10:24 of 1st period - Shot Blocked by Aaron Ekblad.
10:26 of 1st period - Snap shot by Justin Abdelkader.
10:26 of 1st period - Shot Misses the Net.
10:38 of 1st period - Mark Pysyk is hit by Aaron Ekblad and loses puck.
10:59 of 1st period - Wrist shot by Kyle Clifford.
10:59 of 1st period - Shot Misses the Net.
11:11 of 1st period - Snap shot by Chris Higgins.
11:11 of 1st period - Stopped by Andrei Vasilevskiy with a rebound.
11:13 of 1st period - Snap shot by Mark Pysyk.
11:13 of 1st period - Stopped by Andrei Vasilevskiy with a rebound.
11:17 of 1st period - Wrist shot by Chris Higgins.
11:17 of 1st period - Goal by Chris Higgins - Predators : 1 - Kings : 2.
11:18 of 1st period - Sean Monahan wins face-off versus Andy Miele in neutral zone.
11:49 of 1st period - Slapshot by David Pastrnak.
11:49 of 1st period - Shot Blocked by Brendan Gallagher.
12:13 of 1st period - Teuvo Teravainen is hit by Jack Eichel and loses puck.
13:29 of 1st period - Snap shot by Mark Pysyk.
13:29 of 1st period - Shot Blocked by Kyle Clifford.
13:31 of 1st period - Snap shot by Mark Pysyk.
13:31 of 1st period - Stopped by Andrei Vasilevskiy with a rebound.
13:33 of 1st period - Slapshot by Nate Schmidt.
13:33 of 1st period - Stopped by Andrei Vasilevskiy with a rebound.
13:47 of 1st period - Andy Miele is hit by Sean Monahan and loses puck.
14:10 of 1st period - Snap shot by Jaden Schwartz.
14:10 of 1st period - Stopped by Andrei Vasilevskiy without a rebound.
14:11 of 1st period - Ryan Kesler wins face-off versus Ryan O'Reilly in Kings zone.
14:12 of 1st period - Slapshot by Jaden Schwartz.
14:12 of 1st period - Stopped by Andrei Vasilevskiy with a rebound.
14:30 of 1st period - Snap shot by Ryan O'Reilly.
14:30 of 1st period - Shot Blocked by Alexander Edler.
15:17 of 1st period - Slapshot by David Pastrnak.
15:17 of 1st period - Stopped by Kari Lehtonen with a rebound.
15:19 of 1st period - Wrist shot by David Pastrnak.
15:19 of 1st period - Stopped by Kari Lehtonen with a rebound.
15:21 of 1st period - Slapshot by Brady Skjei.
15:21 of 1st period - Shot Misses the Net.
15:23 of 1st period - Snap shot by David Pastrnak.
15:23 of 1st period - Stopped by Kari Lehtonen without a rebound.
15:24 of 1st period - Sean Monahan wins face-off versus Mikael Granlund in Predators zone.
15:35 of 1st period - Sean Monahan is hit by John Moore and loses puck.
15:56 of 1st period - Wrist shot by Kyle Clifford.
15:56 of 1st period - Shot Misses the Net.
15:58 of 1st period - Slapshot by Nathan MacKinnon.
15:58 of 1st period - Shot Misses the Net.
16:00 of 1st period - Slapshot by Brady Skjei.
16:00 of 1st period - Deflect By Brad Boyes.
16:00 of 1st period - Stopped by Kari Lehtonen with a rebound.
16:02 of 1st period - Snap shot by Brady Skjei.
16:02 of 1st period - Stopped by Kari Lehtonen with a rebound.
16:20 of 1st period - Off-side.
16:21 of 1st period - Derek Boogaard wins face-off versus Scott Laughton in neutral zone.
16:28 of 1st period - Snap shot by Sean Monahan.
16:28 of 1st period - Stopped by Kari Lehtonen with a rebound.
16:30 of 1st period - Wrist shot by Sean Monahan.
16:30 of 1st period - Shot Blocked by Nate Schmidt.
16:32 of 1st period - Wrist shot by Drew Stafford.
16:32 of 1st period - Stopped by Kari Lehtonen with a rebound.
16:34 of 1st period - Wrist shot by Derek Boogaard.
16:34 of 1st period - Stopped by Kari Lehtonen without a rebound.
16:35 of 1st period - Nathan MacKinnon wins face-off versus Andy Miele in Predators zone.
17:22 of 1st period - Ryan Kesler is hit by Jared Cowen and loses puck.
18:35 of 1st period - Wrist shot by Jaden Schwartz.
18:35 of 1st period - Goal by Jaden Schwartz - Predators : 2 - Kings : 2.
18:36 of 1st period - Andy Miele wins face-off versus Drew Stafford in neutral zone.
18:45 of 1st period - Wrist shot by Alexander Ovechkin.
18:45 of 1st period - Stopped by Andrei Vasilevskiy without a rebound.
18:46 of 1st period - Andy Miele wins face-off versus Sean Monahan in Kings zone.
19:07 of 1st period - Slapshot by Derek Boogaard.
19:07 of 1st period - Stopped by Kari Lehtonen without a rebound.
19:08 of 1st period - Nathan MacKinnon wins face-off versus Jack Eichel in Predators zone.
Goals for this period are 2 for Predators vs 2 for Kings.
Shots for this period are 14 for Predators vs 15 for Kings.

2nd period


0:01 of 2nd period - Andy Miele wins face-off versus Nathan MacKinnon in neutral zone.
0:12 of 2nd period - Slapshot by Mikael Granlund.
0:12 of 2nd period - Stopped by Andrei Vasilevskiy with a rebound.
0:38 of 2nd period - Snap shot by Kyle Clifford.
0:38 of 2nd period - Shot Misses the Net.
1:00 of 2nd period - Snap shot by Teuvo Teravainen.
1:00 of 2nd period - Shot Misses the Net.
1:02 of 2nd period - Slapshot by Damon Severson.
1:02 of 2nd period - Deflect By Jaden Schwartz.
1:02 of 2nd period - Stopped by Kari Lehtonen without a rebound.
1:03 of 2nd period - Andy Miele wins face-off versus Sean Monahan in Predators zone.
1:54 of 2nd period - John Moore is hit by Pavel Datsyuk.
1:57 of 2nd period - Off-side.
1:58 of 2nd period - Andy Miele wins face-off versus Sean Monahan in neutral zone.
3:30 of 2nd period - Slapshot by Seth Jones.
3:30 of 2nd period - Shot Hit the Post.
3:32 of 2nd period - Slapshot by Aaron Ekblad.
3:32 of 2nd period - Goal by Aaron Ekblad - Predators : 2 - Kings : 3.
3:33 of 2nd period - Andy Miele wins face-off versus Sean Monahan in neutral zone.
3:59 of 2nd period - Minor Penalty to Nathan MacKinnon for Interference.
4:00 of 2nd period - Andy Miele wins face-off versus Ryan O'Reilly in Kings zone.
4:13 of 2nd period - Slapshot by Ryan Mcdonagh.
4:13 of 2nd period - Shot Blocked by Jared Cowen.
4:15 of 2nd period - Slapshot by Mikael Granlund.
4:15 of 2nd period - Deflect By Alexander Ovechkin.
4:15 of 2nd period - Shot Blocked by Cody Franson.
4:15 of 2nd period - Puck is out of play.
4:16 of 2nd period - Ryan O'Reilly wins face-off versus Andy Miele in Kings zone.
4:31 of 2nd period - Wrist shot by Andy Miele.
4:31 of 2nd period - Stopped by Andrei Vasilevskiy with a rebound.
4:43 of 2nd period - Cody Franson is hit by Jaden Schwartz and loses puck.
4:50 of 2nd period - Snap shot by Jaden Schwartz.
4:50 of 2nd period - Goal by Jaden Schwartz - Predators : 3 - Kings : 3.
4:51 of 2nd period - Sean Monahan wins face-off versus Andy Miele in neutral zone.
5:59 of 2nd period - Slapshot by Sean Monahan.
5:59 of 2nd period - Stopped by Kari Lehtonen with a rebound.
6:23 of 2nd period - Off-side.
6:24 of 2nd period - Andy Miele wins face-off versus Nathan MacKinnon in neutral zone.
6:37 of 2nd period - Snap shot by Andy Miele.
6:37 of 2nd period - Deflect By Alexander Ovechkin.
6:37 of 2nd period - Shot Blocked by Nathan MacKinnon.
6:37 of 2nd period - Puck is out of play.
6:38 of 2nd period - Andy Miele wins face-off versus Derek Boogaard in Kings zone.
6:53 of 2nd period - Slapshot by Andy Miele.
6:53 of 2nd period - Shot Blocked by Drew Stafford.
7:09 of 2nd period - Slapshot by David Pastrnak.
7:09 of 2nd period - Stopped by Kari Lehtonen with a rebound.
7:51 of 2nd period - Slapshot by Ryan O'Reilly.
7:51 of 2nd period - Stopped by Kari Lehtonen without a rebound.
7:52 of 2nd period - Ryan Kesler wins face-off versus Nathan MacKinnon in Predators zone.
8:24 of 2nd period - Wrist shot by Justin Abdelkader.
8:24 of 2nd period - Shot Misses the Net.
8:42 of 2nd period - Snap shot by Chris Higgins.
8:42 of 2nd period - Shot Misses the Net.
8:46 of 2nd period - Snap shot by Chris Higgins.
8:46 of 2nd period - Stopped by Andrei Vasilevskiy without a rebound.
8:47 of 2nd period - Nathan MacKinnon wins face-off versus Jaden Schwartz in Kings zone.
8:54 of 2nd period - Snap shot by Jaden Schwartz.
8:54 of 2nd period - Stopped by Andrei Vasilevskiy without a rebound.
8:55 of 2nd period - Ryan Kesler wins face-off versus Nathan MacKinnon in Kings zone.
9:06 of 2nd period - Wrist shot by Jaden Schwartz.
9:06 of 2nd period - Shot Misses the Net.
9:28 of 2nd period - Snap shot by Derek Boogaard.
9:28 of 2nd period - Deflect By Drew Stafford.
9:28 of 2nd period - Shot Blocked by Nate Schmidt.
9:28 of 2nd period - Puck is out of play.
9:29 of 2nd period - Sean Monahan wins face-off versus Andy Miele in Predators zone.
11:50 of 2nd period - Cody Franson is hit by Ryan Kesler and loses puck.
12:07 of 2nd period - Snap shot by Chris Higgins.
12:07 of 2nd period - Shot Misses the Net.
12:09 of 2nd period - Slapshot by John Moore.
12:09 of 2nd period - Shot Blocked by Damon Severson.
12:11 of 2nd period - Slapshot by Mark Pysyk.
12:11 of 2nd period - Stopped by Andrei Vasilevskiy without a rebound.
12:12 of 2nd period - Scott Laughton wins face-off versus Sean Monahan in Kings zone.
12:13 of 2nd period - Slapshot by John Moore.
12:13 of 2nd period - Shot Hit the Post.
12:17 of 2nd period - Slapshot by Scott Laughton.
12:17 of 2nd period - Deflect By Sean Monahan.
12:17 of 2nd period - Shot Misses the Net.
12:17 of 2nd period - Puck is out of play.
12:18 of 2nd period - Andy Miele wins face-off versus Sean Monahan in Kings zone.
12:21 of 2nd period - Wrist shot by Alexander Ovechkin.
12:21 of 2nd period - Shot Blocked by Drew Stafford.
12:23 of 2nd period - Snap shot by Alexander Ovechkin.
12:23 of 2nd period - Stopped by Andrei Vasilevskiy without a rebound.
12:24 of 2nd period - Andy Miele wins face-off versus Nathan MacKinnon in Kings zone.
12:37 of 2nd period - Snap shot by Alexander Ovechkin.
12:37 of 2nd period - Stopped by Andrei Vasilevskiy with a rebound.
12:55 of 2nd period - Slapshot by Justin Faulk.
12:55 of 2nd period - Stopped by Andrei Vasilevskiy with a rebound.
12:57 of 2nd period - Snap shot by Jaden Schwartz.
12:57 of 2nd period - Shot Misses the Net.
12:59 of 2nd period - Slapshot by Justin Faulk.
12:59 of 2nd period - Deflect By Jaden Schwartz.
12:59 of 2nd period - Shot Misses the Net.
12:59 of 2nd period - Puck is out of play.
13:00 of 2nd period - Ryan Kesler wins face-off versus Sean Monahan in Kings zone.
13:15 of 2nd period - Snap shot by Sean Monahan.
13:15 of 2nd period - Shot Blocked by John Moore.
13:26 of 2nd period - Slapshot by Brendan Gallagher.
13:26 of 2nd period - Shot Blocked by David Pastrnak.
13:28 of 2nd period - Snap shot by Brendan Gallagher.
13:28 of 2nd period - Deflect By Jaden Schwartz.
13:28 of 2nd period - Goal by Jaden Schwartz - Predators : 4 - Kings : 3.
13:29 of 2nd period - Andy Miele wins face-off versus Nathan MacKinnon in neutral zone.
13:38 of 2nd period - Alexander Edler is hit by Nathan MacKinnon and loses puck.
13:43 of 2nd period - Wrist shot by Nathan MacKinnon.
13:43 of 2nd period - Stopped by Kari Lehtonen without a rebound.
13:44 of 2nd period - Andy Miele wins face-off versus Ryan O'Reilly in Predators zone.
13:55 of 2nd period - Slapshot by Ryan O'Reilly.
13:55 of 2nd period - Goal by Ryan O'Reilly - Predators : 4 - Kings : 4.
13:56 of 2nd period - Andy Miele wins face-off versus Sean Monahan in neutral zone.
13:59 of 2nd period - Slapshot by Alexander Edler.
13:59 of 2nd period - Shot Misses the Net.
14:01 of 2nd period - Slapshot by Alexander Edler.
14:01 of 2nd period - Stopped by Andrei Vasilevskiy without a rebound.
14:02 of 2nd period - Andy Miele wins face-off versus Sean Monahan in Kings zone.
14:41 of 2nd period - Slapshot by Sean Monahan.
14:41 of 2nd period - Shot Blocked by Mikael Granlund.
14:56 of 2nd period - Minor Penalty to Derek Boogaard for Roughing.
14:57 of 2nd period - Ryan O'Reilly wins face-off versus Ryan Kesler in Kings zone.
15:03 of 2nd period - Snap shot by Brendan Gallagher.
15:03 of 2nd period - Shot Blocked by Kyle Clifford.
16:34 of 2nd period - John Moore is hit by Sean Monahan and loses puck.
16:56 of 2nd period - Penalty to Derek Boogaard is over, Derek Boogaard is back on ice.
17:57 of 2nd period - Icing by Jared Cowen.
17:58 of 2nd period - Nathan MacKinnon wins face-off versus Scott Laughton in Kings zone.
18:07 of 2nd period - Slapshot by Derek Boogaard.
18:07 of 2nd period - Stopped by Kari Lehtonen with a rebound.
18:27 of 2nd period - Snap shot by David Pastrnak.
18:27 of 2nd period - Shot Misses the Net.
18:29 of 2nd period - Slapshot by Damon Severson.
18:29 of 2nd period - Shot Misses the Net.
19:01 of 2nd period - Nate Schmidt is hit by Kyle Clifford and loses puck.
19:10 of 2nd period - Nate Schmidt is hit by Teuvo Teravainen and loses puck.
19:18 of 2nd period - Icing by Denis Grebeshkov.
19:19 of 2nd period - Sean Monahan wins face-off versus Scott Laughton in Predators zone.
19:26 of 2nd period - Derek Boogaard is hit by Scott Laughton and loses puck.
19:31 of 2nd period - Snap shot by Chris Higgins.
19:31 of 2nd period - Shot Misses the Net.
19:33 of 2nd period - Snap shot by Scott Laughton.
19:33 of 2nd period - Shot Misses the Net.
19:35 of 2nd period - Slapshot by Chris Higgins.
19:35 of 2nd period - Stopped by Andrei Vasilevskiy with a rebound.
19:47 of 2nd period - Slapshot by David Pastrnak.
19:47 of 2nd period - Stopped by Kari Lehtonen with a rebound.
19:49 of 2nd period - Snap shot by David Pastrnak.
19:49 of 2nd period - Stopped by Kari Lehtonen without a rebound.
19:50 of 2nd period - Andy Miele wins face-off versus Ryan O'Reilly in Predators zone.
19:50 of 2nd period - Andy Miele is hit by Brady Skjei.
Goals for this period are 2 for Predators vs 2 for Kings.
Shots for this period are 12 for Predators vs 10 for Kings.

3rd period


0:01 of 3rd period - Nathan MacKinnon wins face-off versus Andy Miele in neutral zone.
2:05 of 3rd period - Sean Monahan is hit by Brendan Gallagher.
2:14 of 3rd period - Off-side.
2:15 of 3rd period - Ryan O'Reilly wins face-off versus Jack Eichel in neutral zone.
2:30 of 3rd period - Snap shot by David Pastrnak.
2:30 of 3rd period - Stopped by Kari Lehtonen without a rebound.
2:31 of 3rd period - Andy Miele wins face-off versus Teuvo Teravainen in Predators zone.
2:33 of 3rd period - Minor Penalty to Andy Miele for Roughing.
2:34 of 3rd period - Jaden Schwartz wins face-off versus Nathan MacKinnon in Predators zone.
2:50 of 3rd period - Wrist shot by David Pastrnak.
2:50 of 3rd period - Stopped by Kari Lehtonen without a rebound.
2:51 of 3rd period - Jaden Schwartz wins face-off versus Kyle Clifford in Predators zone.
3:06 of 3rd period - Slapshot by Brady Skjei.
3:06 of 3rd period - Stopped by Kari Lehtonen with a rebound.
3:24 of 3rd period - Brendan Gallagher is hit by Jared Cowen.
4:03 of 3rd period - Jared Cowen is hit by Jack Eichel and loses puck.
4:33 of 3rd period - Penalty to Andy Miele is over, Andy Miele is back on ice.
4:48 of 3rd period - Slapshot by Nate Schmidt.
4:48 of 3rd period - Deflect By Max Friberg.
4:48 of 3rd period - Stopped by Andrei Vasilevskiy without a rebound.
4:49 of 3rd period - Andy Miele wins face-off versus Pavel Datsyuk in Kings zone.
4:50 of 3rd period - Slapshot by Justin Faulk.
4:50 of 3rd period - Deflect By Cody Franson.
4:50 of 3rd period - Stopped by Andrei Vasilevskiy with a rebound.
4:52 of 3rd period - Snap shot by Justin Faulk.
4:52 of 3rd period - Stopped by Andrei Vasilevskiy without a rebound.
4:53 of 3rd period - Pavel Datsyuk wins face-off versus Andy Miele in Kings zone.
5:52 of 3rd period - Slapshot by Jack Eichel.
5:52 of 3rd period - Shot Misses the Net.
7:08 of 3rd period - Slapshot by David Pastrnak.
7:08 of 3rd period - Deflect By Jake Guentzel.
7:08 of 3rd period - Stopped by Kari Lehtonen with a rebound.
7:10 of 3rd period - Slapshot by David Pastrnak.
7:10 of 3rd period - Shot Misses the Net.
7:12 of 3rd period - Wrist shot by Jake Guentzel.
7:12 of 3rd period - Shot Misses the Net.
7:26 of 3rd period - Snap shot by Scott Laughton.
7:26 of 3rd period - Stopped by Andrei Vasilevskiy without a rebound.
7:27 of 3rd period - Scott Laughton wins face-off versus Nathan MacKinnon in Kings zone.
7:34 of 3rd period - Alexander Edler is hit by Teuvo Teravainen and loses puck.
7:53 of 3rd period - Alexander Edler is hit by Ryan O'Reilly and loses puck.
8:14 of 3rd period - Brady Skjei is hit by Ryan Kesler.
8:18 of 3rd period - Brendan Gallagher is hit by Jared Cowen.
8:19 of 3rd period - Icing by Brendan Gallagher.
8:20 of 3rd period - Nathan MacKinnon wins face-off versus Ryan Kesler in Predators zone.
8:33 of 3rd period - Backhand shot by Jaden Schwartz.
8:33 of 3rd period - Stopped by Andrei Vasilevskiy with a rebound.
9:00 of 3rd period - Minor Penalty to Aaron Ekblad for Tripping.
9:01 of 3rd period - Andy Miele wins face-off versus Ryan O'Reilly in Kings zone.
9:07 of 3rd period - Wrist shot by Mikael Granlund.
9:07 of 3rd period - Shot Misses the Net.
9:15 of 3rd period - Wrist shot by Alexander Ovechkin.
9:15 of 3rd period - Shot Misses the Net.
9:17 of 3rd period - Wrist shot by John Moore.
9:17 of 3rd period - Shot Misses the Net.
9:41 of 3rd period - Brady Skjei is hit by Jaden Schwartz.
9:55 of 3rd period - Seth Jones is hit by Alexander Edler and loses puck.
10:22 of 3rd period - Ryan O'Reilly is hit by Ryan Kesler and loses puck.
10:37 of 3rd period - Snap shot by Drew Stafford.
10:37 of 3rd period - Shot Misses the Net.
10:39 of 3rd period - Slapshot by Seth Jones.
10:39 of 3rd period - Goal by Seth Jones - Predators : 4 - Kings : 5.
10:40 of 3rd period - Ryan Kesler wins face-off versus Kyle Clifford in neutral zone.
10:43 of 3rd period - Wrist shot by Jaden Schwartz.
10:43 of 3rd period - Shot Blocked by Cody Franson.
10:45 of 3rd period - Snap shot by Alexander Edler.
10:45 of 3rd period - Stopped by Andrei Vasilevskiy without a rebound.
10:46 of 3rd period - Ryan O'Reilly wins face-off versus Ryan Kesler in Kings zone.
11:00 of 3rd period - Penalty to Aaron Ekblad is over, Aaron Ekblad is back on ice.
11:22 of 3rd period - Slapshot by Alexander Ovechkin.
11:22 of 3rd period - Goal by Alexander Ovechkin - Predators : 5 - Kings : 5.
11:23 of 3rd period - Sean Monahan wins face-off versus Andy Miele in neutral zone.
11:34 of 3rd period - Slapshot by Sean Monahan.
11:34 of 3rd period - Stopped by Kari Lehtonen without a rebound.
11:35 of 3rd period - Andy Miele wins face-off versus Ryan O'Reilly in Predators zone.
11:51 of 3rd period - Wrist shot by Andy Miele.
11:51 of 3rd period - Deflect By Mikael Granlund.
11:51 of 3rd period - Stopped by Andrei Vasilevskiy without a rebound.
11:52 of 3rd period - Ryan Kesler wins face-off versus Nathan MacKinnon in Kings zone.
11:53 of 3rd period - Slapshot by Brendan Gallagher.
11:53 of 3rd period - Shot Misses the Net.
12:41 of 3rd period - Drew Stafford is hit by Brad Boyes.
14:01 of 3rd period - Slapshot by Chris Higgins.
14:01 of 3rd period - Deflect By Mark Pysyk.
14:01 of 3rd period - Shot Misses the Net.
14:01 of 3rd period - Puck is out of play.
14:02 of 3rd period - Scott Laughton wins face-off versus Sean Monahan in Kings zone.
14:05 of 3rd period - Slapshot by Chris Higgins.
14:05 of 3rd period - Stopped by Andrei Vasilevskiy with a rebound.
14:12 of 3rd period - Jared Cowen is hit by Mark Pysyk and loses puck.
14:23 of 3rd period - Minor Penalty to Scott Laughton for Interference.
14:24 of 3rd period - Nathan MacKinnon wins face-off versus Jaden Schwartz in Predators zone.
14:35 of 3rd period - Slapshot by Brady Skjei.
14:35 of 3rd period - Shot Misses the Net.
14:37 of 3rd period - Wrist shot by David Pastrnak.
14:37 of 3rd period - Shot Misses the Net.
16:23 of 3rd period - Penalty to Scott Laughton is over, Scott Laughton is back on ice.
16:56 of 3rd period - Wrist shot by Brendan Gallagher.
16:56 of 3rd period - Stopped by Andrei Vasilevskiy with a rebound.
16:58 of 3rd period - Snap shot by Brendan Gallagher.
16:58 of 3rd period - Stopped by Andrei Vasilevskiy without a rebound.
16:59 of 3rd period - Andy Miele wins face-off versus Ryan O'Reilly in Kings zone.
17:16 of 3rd period - Snap shot by Jaden Schwartz.
17:16 of 3rd period - Stopped by Andrei Vasilevskiy without a rebound.
17:17 of 3rd period - Ryan Kesler wins face-off versus Nathan MacKinnon in Kings zone.
17:44 of 3rd period - Jared Cowen is hit by Ryan Mcdonagh and loses puck.
18:01 of 3rd period - Jake Guentzel is hit by Ryan Kesler and loses puck.
18:35 of 3rd period - Snap shot by Alexander Ovechkin.
18:35 of 3rd period - Shot Misses the Net.
18:37 of 3rd period - Wrist shot by Alexander Edler.
18:37 of 3rd period - Shot Blocked by Cody Franson.
Goals for this period are 1 for Predators vs 1 for Kings.
Shots for this period are 12 for Predators vs 6 for Kings.

Overtime #1


0:01 of 1st overtime period - Ryan O'Reilly wins face-off versus Andy Miele in neutral zone.
1:19 of 1st overtime period - Slapshot by Justin Abdelkader.
1:19 of 1st overtime period - Deflect By Brad Boyes.
1:19 of 1st overtime period - Shot Misses the Net.
1:19 of 1st overtime period - Puck is out of play.
1:20 of 1st overtime period - Andy Miele wins face-off versus Sean Monahan in Kings zone.
1:27 of 1st overtime period - Wrist shot by Mikael Granlund.
1:27 of 1st overtime period - Shot Misses the Net.
1:29 of 1st overtime period - Slapshot by Ryan Mcdonagh.
1:29 of 1st overtime period - Stopped by Andrei Vasilevskiy with a rebound.
1:31 of 1st overtime period - Snap shot by Andy Miele.
1:31 of 1st overtime period - Stopped by Andrei Vasilevskiy without a rebound.
1:32 of 1st overtime period - Sean Monahan wins face-off versus Andy Miele in Kings zone.
1:32 of 1st overtime period - Sean Monahan is hit by Andy Miele.
2:41 of 1st overtime period - Scott Laughton is hit by Aaron Ekblad and loses puck.
2:47 of 1st overtime period - Off-side.
2:48 of 1st overtime period - Andy Miele wins face-off versus Jake Guentzel in neutral zone.
3:03 of 1st overtime period - Backhand shot by Andy Miele.
3:03 of 1st overtime period - Stopped by Andrei Vasilevskiy without a rebound.
3:04 of 1st overtime period - Sean Monahan wins face-off versus Ryan Kesler in Kings zone.
3:15 of 1st overtime period - Wrist shot by Sean Monahan.
3:15 of 1st overtime period - Shot Misses the Net.
3:31 of 1st overtime period - Backhand shot by Teuvo Teravainen.
3:31 of 1st overtime period - Shot Misses the Net.
4:07 of 1st overtime period - Wrist shot by Ryan Kesler.
4:07 of 1st overtime period - Shot Misses the Net.
4:09 of 1st overtime period - Snap shot by John Moore.
4:09 of 1st overtime period - Stopped by Andrei Vasilevskiy without a rebound.
4:10 of 1st overtime period - Ryan O'Reilly wins face-off versus Andy Miele in Kings zone.
4:10 of 1st overtime period - Ryan O'Reilly is hit by Mikael Granlund.
5:32 of 1st overtime period - Snap shot by Brad Boyes.
5:32 of 1st overtime period - Stopped by Andrei Vasilevskiy without a rebound.
5:33 of 1st overtime period - Nathan MacKinnon wins face-off versus Jack Eichel in Kings zone.
5:33 of 1st overtime period - Nathan MacKinnon is hit by Alexander Edler.
5:34 of 1st overtime period - Nathan MacKinnon from Kings is injured at 5:34 of 1st overtime period (Left Leg).
5:35 of 1st overtime period - Sean Monahan wins face-off versus Andy Miele in Kings zone.
5:35 of 1st overtime period - Sean Monahan is hit by Alexander Ovechkin.
6:13 of 1st overtime period - Wrist shot by Alexander Ovechkin.
6:13 of 1st overtime period - Stopped by Andrei Vasilevskiy with a rebound.
6:43 of 1st overtime period - Mikko Rantanen is hit by Mikael Granlund and loses puck.
7:04 of 1st overtime period - Snap shot by Mikael Granlund.
7:04 of 1st overtime period - Shot Misses the Net.
7:06 of 1st overtime period - Snap shot by Alexander Edler.
7:06 of 1st overtime period - Deflect By Alexander Ovechkin.
7:06 of 1st overtime period - Stopped by Andrei Vasilevskiy without a rebound.
7:07 of 1st overtime period - Ryan Kesler wins face-off versus Sean Monahan in Kings zone.
7:33 of 1st overtime period - Brady Skjei is hit by Justin Faulk.
7:41 of 1st overtime period - Wrist shot by Jack Eichel.
7:41 of 1st overtime period - Shot Misses the Net.
7:43 of 1st overtime period - Snap shot by Nate Schmidt.
7:43 of 1st overtime period - Stopped by Andrei Vasilevskiy without a rebound.
7:44 of 1st overtime period - Jaden Schwartz wins face-off versus Sean Monahan in Kings zone.
8:09 of 1st overtime period - Jack Eichel is hit by Teuvo Teravainen and loses puck.
8:20 of 1st overtime period - Snap shot by Kyle Clifford.
8:20 of 1st overtime period - Stopped by Kari Lehtonen without a rebound.
8:21 of 1st overtime period - Sean Monahan wins face-off versus Ryan Kesler in Predators zone.
8:36 of 1st overtime period - Snap shot by Derek Boogaard.
8:36 of 1st overtime period - Shot Misses the Net.
9:10 of 1st overtime period - Snap shot by Ryan Mcdonagh.
9:10 of 1st overtime period - Deflect By Chris Higgins.
9:10 of 1st overtime period - Shot Blocked by Brady Skjei.
9:10 of 1st overtime period - Puck is out of play.
9:11 of 1st overtime period - Scott Laughton wins face-off versus Sean Monahan in Kings zone.
9:16 of 1st overtime period - Slapshot by Chris Higgins.
9:16 of 1st overtime period - Stopped by Andrei Vasilevskiy without a rebound.
9:17 of 1st overtime period - Andy Miele wins face-off versus David Pastrnak in Kings zone.
9:48 of 1st overtime period - Slapshot by Seth Jones.
9:48 of 1st overtime period - Goal by Seth Jones - Predators : 5 - Kings : 6.
Goals for this period are 0 for Predators vs 1 for Kings.
Shots for this period are 9 for Predators vs 2 for Kings. Output by the SimonT Hockey Simulator (STHS) for Francois Prevost - Original Page W3C HTML5 Valid
Hockey Simulator - Hockey Simulation - Hockey Manager